 Dungeon Crawl Stone Soup version 0.29-a0-1008-g949cc1d0fb (webtiles) character file.

Game seed: 13404734936227128994

98 Manisian the Caller (level 4, 0/24 HPs)
             Began as a Tengu Summoner on Aug 7, 2022.
             Slain by a gnoll
             ... wielding a +0 flail
              (11 damage)
             ... on level 4 of the Dungeon.
             The game lasted 00:06:31 (3259 turns).

Manisian the Caller (Tengu Summoner)                Turns: 3259, Time: 00:06:32

Health: 0/24       AC:  3    Str: 18    XL:     4   Next: 71%
Magic:  4/9        EV: 12    Int: 21    God:
Gold:   124        SH:  0    Dex: 14    Spells: 0/9 levels left

rFire   + . .      SeeInvis .   l - +3 spear of Light {vorpal, Contam Str+4 Int+3}
rCold   + . .      Faith    .   (no shield)
rNeg    . . .      Spirit   .   a - +1 robe
rPois   .          Reflect  .   (helmet restricted)
rElec   .          Harm     .   d - scarf {rC+ rF+}
rCorr   .          Rampage  .   (no gloves)
Will    .....                   (boots unavailable)
Stlth   ++........              (no amulet)
HPRegen 0.08/turn               i - +6 ring of strength
MPRegen 0.11/turn               (no ring)

@: unable to read
A: beak, talons 3, inability to read while threatened 1
a: no special abilities


You were on level 4 of the Dungeon.
You visited 1 branch of the dungeon, and saw 4 of its levels.

You collected 124 gold pieces.

Inventory:

Hand Weapons
 l - the +3 spear of Light (weapon) {vorpal, Contam Str+4 Int+3}
   (You found it on level 2 of the Dungeon)

   It inflicts extra damage upon your enemies.
   Str:       It affects your strength (+4).
   Int:       It affects your intelligence (+3).
   Contam:    It causes magical contamination when unequipped.
Missiles
 g - a throwing net
Armour
 a - a +1 robe (worn)
 d - a scarf of resistance (worn)
Jewellery
 i - a +6 ring of strength (left hand)
Scrolls
 f - a scroll of teleportation
Potions
 b - a potion of magic
 c - a potion of cancellation {unknown}
 e - a potion of mutation {unknown}
 h - a potion of heal wounds {unknown}
 j - 3 potions of curing


   Skills:
 + Level 0.1 Polearms
 + Level 2.5 Dodging
 + Level 2.2 Stealth
 + Level 0.3 Unarmed Combat
 + Level 3.2 Spellcasting
 + Level 5.9 Summonings


You couldn't memorise any spells.
You knew the following spells:

 Your Spells              Type           Power      Damage    Failure   Level
a - Summon Small Mammal   Summ           100%       N/A       1%          1
b - Call Imp              Summ           28%        N/A       1%          2
c - Call Canine Familiar  Summ           28%        N/A       3%          3
d - Summon Guardian Gole  Hex/Summ       15%        N/A       12%         3

Your spell library contained the following spells:

 Spells                   Type           Power      Damage    Failure   Level
 Foxfire                  Conj/Fire      12%        2x1d4     13%         1
 Sandblast                Erth           6%         2d5       13%         1
 Passwall                 Tmut/Erth      2%         N/A       21%         2
 Conjure Flame            Conj/Fire      3%         6-21      36%         3
 Inner Flame              Hex/Fire       3%         N/A       36%         3
 Stone Arrow              Conj/Erth      6%         3d7       36%         3
 Summon Lightning Spire   Summ/Air       15%        N/A       36%         4
 Summon Forest            Summ/Tloc      7%         N/A       71%         5
 Summon Mana Viper        Hex/Summ       15%        N/A       71%         5
 Flame Wave               Conj/Fire      3%         2d5       78%         4
 Summon Cactus Giant      Summ           14%        N/A       87%         6


Dungeon Overview and Level Annotations

Branches:
Dungeon (4/15)
 Temple: D:4-7

Altars:
Elyvilon
Qazlal
Sif Muna
Xom


Innate Abilities, Weirdness & Mutations

You have a beak for a mouth.
You have claws for feet.
You occasionally lose the ability to read scrolls when taking damage.


Message History

You puncture the orc!
You kill the orc!
No target in view!
No target in view!
No target in view!
Things that are here:
a +0 club; a +0 leather armour; an orc corpse A ball python comes into view.
Found an escape hatch in the floor.
A ball python is nearby!
You reach to attack!
The ball python hisses angrily.
You puncture the ball python!
You kill the ball python!
No target in view!
Found a shimmering altar of Xom.
Found a shimmering blue altar of Sif Muna.
Found a stormy altar of Qazlal.
No target in view!
Found a stone.
h - a glowing dark potion No target in view! 3 gnolls come into view.
The gnoll shouts! x3
There are monsters nearby!
There are monsters nearby!
Casting: Call Imp (safe; 1% risk of failure)
Confirm with . or Enter, or press ? or * to list all spells.
The spell is quite dangerous to miscast (12% risk of failure)!
Continue anyway?
A guardian golem appears, shielding your allies.
Casting: Summon Guardian Golem (quite dangerous; 12% risk of failure)
Confirm with . or Enter, or press ? or * to list all spells.
The gnoll hits you with a +0 flail.
Casting: Summon Small Mammal (safe; 1% risk of failure)
Confirm with . or Enter, or press ? or * to list all spells.
The gnoll hits your guardian golem with a +0 club.
The gnoll hits you with a +0 flail!
Your rat bites the gnoll.
The gnoll attacks as you move away! The gnoll hits you with a +0 flail!
You feel threatened and lose the ability to read scrolls!
You die...

#.# #)# .. #.# .# #.####
.# . .....######### .#
### .(...........# .#
....
#.##.........####.#.....
#.##.............r...$..
#.##.........###@....##
..##.........# #g9..##
#..#.#####.#####ggr.#
#....###............#
.._...##.......(....#
...........#####....#
.......###.# #....#
..♣.._.# #... #.....
.......# #.#.#


You could see 3 gnolls, a friendly guardian golem (summoned), a friendly quokka
(summoned, sheltered) and a friendly rat (summoned, sheltered).

Vanquished Creatures
  A dart slug (D:2)
  An orc (D:4)
  4 ball pythons
  A bat (D:3)
  3 endoplasms
  2 goblins (D:3)
  5 hobgoblins
  2 kobolds (D:1)
  A frilled lizard (D:1)
  2 rats
22 creatures vanquished.

Vanquished Creatures (collateral kills)
  A gnoll (D:2)
  2 adders (D:2)
  A dart slug (D:2)
  2 bats
  9 endoplasms
  2 giant cockroaches (D:2)
  5 hobgoblins
  2 jackals (D:2)
  A quokka (D:1)
  3 ball pythons
  A frilled lizard (D:1)
  5 kobolds
  2 rats
36 creatures vanquished.

Grand Total: 58 creatures vanquished

Notes
Turn   | Place    | Note
-------+----------+-------------------------------------------
     0 | D:1      | Manisian the Tengu Summoner began the quest for the Orb.
     0 | D:1      | Reached XP level 1. HP: 10/10 MP: 4/4
    59 | D:1      | Reached skill level 5 in Summonings
   180 | D:1      | Reached XP level 2. HP: 11/15 MP: 4/6
   287 | D:1      | Learned a level 2 spell: Call Imp
  1281 | D:1      | Reached XP level 3. HP: 19/19 MP: 7/7
  1285 | D:1      | Learned a level 3 spell: Call Canine Familiar
  1672 | D:2      | Found a faded altar of an unknown god.
  1960 | D:2      | Reached XP level 4. HP: 22/24 MP: 4/9
  2166 | D:2      | Identified the +3 spear of Light {vorpal, Contam Str+4
                  | Int+3}
  2373 | D:2      | Learned a level 3 spell: Summon Guardian Golem
  2619 | D:2      | Gained mutation: You occasionally lose the ability to read
                  | scrolls when taking damage. [mutagenic glow]
  2777 | D:3      | Found a white marble altar of Elyvilon.
  3235 | D:4      | Found a shimmering altar of Xom.
  3236 | D:4      | Found a shimmering blue altar of Sif Muna.
  3237 | D:4      | Found a stormy altar of Qazlal.
  3259 | D:4      | Slain by a gnoll

Illustrated notes

Levels and vault maps discovered:
D:1:      dpeg_arrival_renting, layout_basic
D:2:      layout_basic, hellmonk_ecumenical_altar_arch_garden, kennysheep_donut,
          st_stairs_14, ebering_dispersal_statue_hall, cheibrodos_gnoll_hut
D:3:      layout_rooms, lemuel_doored_altar
D:4:      layout_loops_ring, grunt_temple_overflow_open, nicolae_eternal_life,
          minmay_puff

Skill      XL: |  1  2  3  4 |
---------------+-------------+-----
Summonings     | 5 |  5.9
Spellcasting   | 3 |  3.2
Polearms       | |  0.1
Dodging        | |  2.5
Stealth        | |  2.2
Unarmed Combat | |  0.3

Action                   |  1- 3 |  4- 6 || total
-------------------------+-------+-------++-------
Melee: Unarmed           |    16 |     3 ||    19
       Kick              |     4 |     3 ||     7
       Peck              |     3 |     2 ||     5
       Punch             |     1 |       ||     1
       Spear             |       |    23 ||    23
 Cast: Summon Small Mamm |    38 |     8 ||    46
       Call Imp          |    13 |     5 ||    18
       Call Canine Famil |     1 |       ||     1
       Summon Guardian G |       |     1 ||     1
  Use: Scroll            |     4 |     4 ||     8
 Stab: Sleeping          |       |     2 ||     2
Armor: Robe              |     5 |     5 ||    10
Dodge: Dodged            |    22 |    12 ||    34

Table legend: (Time is in decaauts)
 A = Elapsed time spent in this place.
 B = Non-inter-level travel time spent in this place.
 C = Inter-level travel time spent in this place.
 D = Time resting spent in this place.
 E = Time spent auto-exploring this place.
 F = Levels seen in this place.
 G = Mean time per level.
                   A        B        C        D        E       F      G
               +--------+--------+--------+--------+--------+-----+--------+
         Total |   3258 |   3190 |     68 |    278 |   2359 |   4 |  814.5 |
       Dungeon |   3258 |   3190 |     68 |    278 |   2359 |   4 |  814.5 |
               +--------+--------+--------+--------+--------+-----+--------+

Top non-repeatable levels by time:
     D:1: 1436 daAuts
     D:2: 1256 daAuts
     D:3: 474 daAuts
     D:4: 91 daAuts
